 Dungeon Sprint DCSS version 0.30-a0-867-g305f33218d (webtiles) character file.

Game seed: 16705645597326506802

151 dialectric the Covered (level 5, -1/37 HPs)
             Began as a Gargoyle Fighter on Mar 10, 2023.
             Slain by a wyvern (6 damage)
             ... in the Dungeon (Sprint II: "The Violet Keep of Menkaure").
             The game lasted 00:00:30 (38 turns).

dialectric the Covered (Gargoyle Fighter)             Turns: 38, Time: 00:00:31

Health: -1/37      AC: 11    Str: 20    XL:     5   Next: 33%
Magic:  5/5        EV: 11    Int:  8    God:
Gold:   0          SH:  0    Dex: 11    Spells: 4/4 levels left

rFire   . . .      SeeInvis .    a - +0 flail
rCold   . . .      Faith    .    (no shield)
rNeg    + . .      Spirit   .    b - +0 scale mail
rPois   ∞          Reflect  .    (no helmet)
rElec   +          Rampage  .    (no cloak)
rCorr   .          NoTele   +    (no gloves)
Will    .....                    (no boots) Stlth
                                 (no amulet)
HPRegen 0.26/turn                (no ring)
MPRegen 0.09/turn                (no ring)

@: mighty
A: sickness immunity, AC +4, negative energy resistance 1, electricity
resistance, torment resistance 1, petrification resistance
a: no special abilities


You were in the Dungeon.
You visited 1 branch

Inventory:

Hand Weapons
 a - a +0 flail (weapon)
Armour
 b - a +0 scale mail (worn)
 c - a +0 buckler
Scrolls
 j - a scroll of blinking
Potions
 g - a potion of haste
 h - 2 potions of magic
 i - a potion of berserk rage


   Skills:
 + Level 6.6 Fighting
 * Level 5.0 Maces & Flails
 + Level 6.8 Armour
 + Level 3.7 Dodging
 - Level 3.7 Shields


You had 4 spell levels left.
You didn't know any spells.
Your spell library was empty.

Dungeon Overview and Level Annotations

Branches:
Dungeon (1/1)

Altars:


Innate Abilities, Weirdness & Mutations

You are immune to sickness and miasma.
Your stone body is resilient. (AC +4)
You are immune to poison.
You resist negative energy. (rN+)
You are resistant to electric shocks. (rElec)
You are resistant to unholy torment.
You are immune to petrification.


Message History

The wyvern hisses angrily. x2
Found 243 gold pieces.
You feel much better. The wyvern barely misses you.
You sock the wyvern!
The wyvern is heavily wounded.
The wyvern bites you but does no damage.
The wyvern completely misses you.
You closely miss the wyvern.
The wyvern is heavily wounded.
The wyvern closely misses you. The wyvern bites you!
Ouch! That really hurt!
You bludgeon the wyvern!!
You kill the wyvern!
The wyvern bites you.
* * * LOW HITPOINT WARNING * * *
Your Fighting skill gained 2 levels and is now at level 6!
Your Maces & Flails skill gained 3 levels and is now at level 5!
Your Armour skill gained 2 levels and is now at level 6!
Your Dodging skill gained 3 levels and is now at level 3!
You have reached level 3!
Your experience leads to an increase in your attributes!
Increase (S)trength, (I)ntelligence, or (D)exterity?
You feel agile. x2
You have reached level 4!
You feel stronger.
You have reached level 5!
You feel better. The wyvern barely misses you.
You sock the wyvern!
The wyvern is heavily wounded.
The wyvern bites you!
* * * LOW HITPOINT WARNING * * *
The wyvern bites you but does no damage.
You closely miss the wyvern.
The wyvern is heavily wounded.
The wyvern closely misses you.
The wyvern bites you but does no damage.
You closely miss the wyvern.
The wyvern is heavily wounded.
The wyvern bites you.
You die...

## ## .#
#. ## $#.
#.# #l#
#.##@##
#†.<.+
#...##.##
##.# #+#
##


You could see a wyvern.

Vanquished Creatures
  A wyvern (D)
  3 worms (D)
4 creatures vanquished.

Notes
Turn   | Place    | Note
-------+----------+-------------------------------------------
     0 | D        | dialectric the Gargoyle Fighter began the quest for the
                  | Orb.
     0 | D        | Reached XP level 1. HP: 14/14 MP: 1/1
    22 | D        | Reached XP level 2. HP: 20/20 MP: 2/2
    30 | D        | Noticed a wyvern
    30 | D        | Noticed a wyvern
    34 | D        | Killed a wyvern
    35 | D        | Reached skill level 5 in Maces & Flails
    35 | D        | Reached XP level 3. HP: 6/28 MP: 3/3
    35 | D        | Reached XP level 4. HP: 6/32 MP: 4/4
    35 | D        | Reached XP level 5. HP: 8/37 MP: 5/5
    38 | D        | Slain by a wyvern

Illustrated notes

Levels and vault maps discovered:
D:        the_violet_keep_of_menkaure [sprint2_stairs_cluster_1,
          sprint2_shoproom, sprint2_temple, sprint2_basic_supplies,
          sprint2_obstacle_6, sprint2_obstacle_7, sprint2_obstacle_4,
          sprint2_obstacle_3, sprint2_obstacle_5, sprint2_timed_cluster_1,
          sprint2_smallroom_cluster_1, sprint2_smallroom_final_cluster_1,
          sprint2_transparent_cluster_1, sprint2_second_timed_cluster_1,
          sprint2_sniper_area_1, sprint2_heavy_combat_area_1,
          sprint2_mutation_trap_area_1, sprint2_forest_area_1,
          sprint2_light_combat_area_1, sprint2_behind_water_1,
          sprint2_near_end_vault_1]

Skill      XL: |  1  2 |
---------------+-------+-----
Fighting       | 4 6 |  6.6
Armour         | 6 |  6.8
Maces & Flails | 5 |  5.0
Dodging        | 3 |  3.7
Shields        | |  3.7

Action                     |  1- 3 |  4- 6 || total
---------------------------+-------+-------++-------
  Melee: Flail             |    19 |     3 ||    22
    Use: Potion            |     2 |     1 ||     3
 Armour: Scale mail        |     8 |     2 ||    10
  Dodge: Dodged            |     4 |     2 ||     6

Table legend: (Time is in decaauts)
 A = Elapsed time spent in this place.
 B = Non-inter-level travel time spent in this place.
 C = Inter-level travel time spent in this place.
 D = Time resting spent in this place.
 E = Time spent auto-exploring this place.
 F = Levels seen in this place.
 G = Mean time per level.
                   A        B        C        D        E       F      G
               +--------+--------+--------+--------+--------+-----+--------+
         Total |     44 |     44 |      0 |      0 |      0 |   1 |   44.0 |
       Dungeon |     44 |     44 |      0 |      0 |      0 |   1 |   44.0 |
               +--------+--------+--------+--------+--------+-----+--------+

Top non-repeatable levels by time:
       D: 44 daAuts
